 Dungeon Crawl Stone Soup version 0.28-a0-1334-g1c9ffb4daf (webtiles) character file.

Game seed: 16541682831154166616

162 DoubleLucky the Caller (level 5, -4/29 HPs)
             Began as a Tengu Summoner on Dec 28, 2021.
             Slain by an orc wizard (5 damage)
             ... on level 3 of the Dungeon.
             The game lasted 00:13:01 (3903 turns).

DoubleLucky the Caller (Tengu Summoner)             Turns: 3903, Time: 00:13:01

Health: -4/29      AC:  2    Str:  8    XL:     5   Next: 43%
Magic:  4/10       EV: 15    Int: 18    God:
Gold:   123        SH:  0    Dex: 14    Spells: 4/10 levels left

rFire   . . .      SeeInvis .   o - +0 dagger (protect)
rCold   . . .      Faith    .   (no shield)
rNeg    . . .      Spirit   .   a - +0 robe
rPois   .          Reflect  .   q - +0 hat
rElec   .          Harm     .   (no cloak)
rCorr   .          Rampage  .   (no gloves)
Will    .....                   (boots unavailable)
Stlth   ++........              (no amulet)
HPRegen 0.09/turn               (no ring)
MPRegen 0.12/turn               (no ring)

@: flying quickly and evasively, very slightly contaminated, quick
A: beak, talons 3, nimble flight
a: no special abilities


You were on level 3 of the Dungeon.
You visited 1 branch of the dungeon, and saw 3 of its levels.
You also visited: Sewer.

You collected 123 gold pieces.

Inventory:

Hand Weapons
 h - a +0 spear
 i - a +0 glaive
 o - a +0 dagger of protection (weapon)
Armour
 a - a +0 robe (worn)
 n - a +0 leather armour
 p - a +0 buckler
 q - a +0 hat (worn)
Scrolls
 b - a scroll of fog {unknown}
 c - 4 scrolls of identify {unknown}
 d - a scroll of enchant weapon {unknown}
 e - a scroll of silence {unknown}
 f - a scroll of brand weapon {unknown}
 g - a scroll of magic mapping {unknown}
 j - a scroll of holy word {unknown}
 l - 2 scrolls of enchant armour {unknown}
 t - a scroll of teleportation {unknown}
 v - 2 scrolls of fear {unknown}
 w - a scroll of amnesia {unknown}
Potions
 k - a potion of magic {unknown}
 m - a potion of curing {unknown}
 r - a potion of attraction {unknown}
 s - 3 potions of flight {unknown}
 u - a potion of might {unknown}
 x - a potion of heal wounds {unknown}


   Skills:
 + Level 1.3 Fighting
 - Level 2.4 Dodging
 - Level 2.2 Stealth
 + Level 3.1 Spellcasting
 + Level 5.8 Summonings
 + Level 3.0 Air Magic


You had 4 spell levels left.
You knew the following spells:

 Your Spells              Type           Power      Damage    Failure   Level
a - Summon Small Mammal   Summ           92%        N/A       1%          1
b - Call Imp              Summ           23%        N/A       2%          2
c - Call Canine Familiar  Summ           23%        N/A       4%          3

Your spell library contained the following spells:

 Spells                   Type           Power      Damage    Failure   Level
 Summon Guardian Golem    Hex/Summ       13%        N/A       14%         3
 Summon Lightning Spire   Summ/Air       18%        N/A       26%         4


Dungeon Overview and Level Annotations

Branches:
Dungeon (3/15)              Sewer (visited)

Altars:
Hepliaklqana

Shops:
D:2 !


Innate Abilities, Weirdness & Mutations

You have a beak for a mouth.
You have claws for feet.
Your magical nature lets you fly swiftly and evasively.


Message History

Your bat closely misses the orc wizard.
The orc wizard barely misses you.
You hit the orc wizard.
The orc wizard is severely wounded.
Your bat misses the orc wizard.
The orc wizard points at you and mumbles some strange words.
The magic dart hits you.
You barely miss the orc wizard.
The orc wizard is severely wounded.
Your bat barely misses the orc wizard.
The orc wizard hits you but does no damage.
The orc wizard gestures at you while chanting.
You are confused.
Your bat hits the orc wizard but does no damage.
Your bat hits the orc wizard.
The orc wizard hits you but does no damage.
You bump into the stone wall.
Your bat misses the orc wizard.
The orc wizard mumbles some strange words.
The orc wizard flickers and vanishes!
Deactivating autopickup; reactivate with Ctrl-A.
You're too confused to cast spells.
Your bat hits something. Something hits you.
You hear some strange, mumbled words.
A puff of flame appears from out of thin air!
The puff of flame hits you.
* * * LOW HITPOINT WARNING * * *
You feel less confused.
Your bat disappears in a puff of smoke!
You hear some strange, mumbled words.
A puff of flame appears from out of thin air!
The puff of flame hits you!
* * * LOW HITPOINT WARNING * * *
Casting: Summon Small Mammal (safe; 1% risk of failure)
Confirm with . or Enter, or press ? or * to list all spells.
You miscast Call Canine Familiar.
You are very lightly contaminated with residual magic.
Nothing appears to happen.
Casting: Call Canine Familiar (dangerous; 4% risk of failure)
Confirm with . or Enter, or press ? or * to list all spells.
Something hits you.
You die...

### ..# ._.# #### ...# ####
#§§#######§..## #..#
#§§§§§§§§§§..(.. #######..#
#§§§§§§h§§§#...8
.......#.###§§§§@{§§§§§....
.......#....§§#######§..###
.......#.##..### ..#
.......#.......## .#
.......#####....## #
.........###.....#########
.......#..........)......#
#..##................<...#
.>....#....#.##...)).....#


You could see a friendly hound (summoned).

Vanquished Creatures
  2 adders
  A river rat (Sewer)
  2 orcs (D:3)
  2 endoplasms (D:1)
  2 giant cockroaches
  A hobgoblin (D:2)
  4 kobolds
  3 quokkas
  5 ball pythons
  3 bats
  2 frilled lizards (D:2)
  3 goblins
  3 rats
33 creatures vanquished.

Vanquished Creatures (collateral kills)
  4 adders
  A worm (D:3)
  A dart slug (D:3)
  6 orcs (D:3)
  7 ball pythons
  7 endoplasms
  4 hobgoblins
  4 kobolds
  A bat (D:2)
  4 frilled lizards (Sewer)
  4 goblins
  10 rats
53 creatures vanquished.

Grand Total: 86 creatures vanquished

Notes
Turn   | Place    | Note
-------+----------+-------------------------------------------
     0 | D:1      | DoubleLucky the Tengu Summoner began the quest for the Orb.
     0 | D:1      | Reached XP level 1. HP: 10/10 MP: 4/4
   229 | D:1      | Reached XP level 2. HP: 15/15 MP: 3/6
   232 | D:1      | Reached skill level 5 in Summonings
   273 | D:1      | Learned a level 2 spell: Call Imp
   360 | D:1      | Reached skill level 1 in Air Magic
   497 | D:1      | Reached XP level 3. HP: 19/19 MP: 7/7
  1793 | D:2      | Reached XP level 4. HP: 23/24 MP: 7/9
  1815 | D:2      | Found Foseha Ubbai's Distillery.
  2133 | D:2      | Learned a level 3 spell: Call Canine Familiar
  2561 | D:3      | Found a glowing drain.
  2583 | Sewer    | Entered a sewer
  2983 | Sewer    | Reached skill level 1 in Fighting
  2983 | Sewer    | Gained mutation: Your magical nature lets you fly swiftly
                  | and evasively. [Tengu growth]
  2983 | Sewer    | Reached XP level 5. HP: 29/29 MP: 5/10
  3873 | D:3      | Found a hazy altar of Hepliaklqana.
  3900 | D:3      | HP: 1/29 [something/puff of flame (7)]
  3903 | D:3      | Slain by an orc wizard

Illustrated notes

Levels and vault maps discovered:
D:1:      dpeg_arrival_boxorama, layout_basic, st_stairs_9, minmay_tromino_v4_c
D:2:      layout_basic, serial_shops, shop, grunt_decor_fettered
D:3:      layout_rooms, beargit_hepliaklqana_dungeon_heroes,
          cheibrodos_sewer_entry_sluice

Skill      XL: |  1  2  3  4  5 |
---------------+----------------+-----
Summonings     | 5 |  5.8
Air Magic      | 1 2 3 |  3.0
Fighting       | 1 |  1.3
Spellcasting   | 3 |  3.1
Dodging        | |  2.4
Stealth        | |  2.2

Action                   |  1- 3 |  4- 6 || total
-------------------------+-------+-------++-------
Melee: Short sword       |    51 |       ||    51
       Kick              |    13 |     6 ||    19
       Peck              |     5 |     5 ||    10
       Dagger            |     6 |    48 ||    54
 Cast: Summon Small Mamm |    43 |    57 ||   100
       Call Imp          |     3 |     8 ||    11
       Call Canine Famil |       |     3 ||     3
 Stab: Sleeping          |     5 |     1 ||     6
       Distracted        |     1 |       ||     1
Armor: Robe              |    19 |    18 ||    37
Dodge: Dodged            |    50 |    31 ||    81

Table legend: (Time is in decaauts)
 A = Elapsed time spent in this place.
 B = Non-inter-level travel time spent in this place.
 C = Inter-level travel time spent in this place.
 D = Time resting spent in this place.
 E = Time spent auto-exploring this place.
 F = Levels seen in this place.
 G = Mean time per level.
                   A        B        C        D        E       F      G
               +--------+--------+--------+--------+--------+-----+--------+
         Total |   3869 |   3844 |     25 |    522 |   2263 |   4 |  967.2 |
       Dungeon |   3142 |   3117 |     25 |    274 |   2003 |   3 | 1047.3 |
         Sewer |    727 |    727 |      0 |    248 |    259 |   1 |  727.0 |
               +--------+--------+--------+--------+--------+-----+--------+

Top non-repeatable levels by time:
     D:2: 1416 daAuts
     D:1: 983 daAuts
     D:3: 742 daAuts
   Sewer: 727 daAuts
